 Dungeon Crawl Stone Soup version 0.22-a0-750-ga7dcef7 (webtiles) character file.

51 Amnesiac the Magician (level 3, -5/24 HPs)
             Began as a Demonspawn Earth Elementalist on July 16, 2018.
             Killed by nerve-wracking pain
             ... invoked by Menkaure
              (8 damage)
             ... on level 4 of the Dungeon.
             The game lasted 00:03:28 (586 turns).

Amnesiac the Magician (DsEE)                         Turns: 586, Time: 00:03:29

Health: -5/24      AC:  4    Str:  8    XL:     3   Next: 57%
Magic:  0/7        EV: 12    Int: 17    God:
Gold:   54         SH:  0    Dex: 13    Spells: 7/8 levels left

rFire    . . .     SeeInvis .   (no weapon)
rCold    . . .     Gourm    .   (no shield)
rNeg     . . .     Faith    .   c - +0 robe
rPois    .         Spirit   +   (no helmet)
rElec    .         Reflect  .   (no cloak)
rCorr    +         Harm     .   k - +0 pair of gloves
MR       .....                  l - +0 pair of boots
Stlth    ++........             (no amulet)
HPRegen  0.08/turn              a - ring of resist corrosion
MPRegen  0.10/turn              (no ring)

@: no status effects
A: magic shield
a: no special abilities


You were on level 4 of the Dungeon.
You were not hungry.

You visited 1 branch of the dungeon, and saw 4 of its levels.

You collected 54 gold pieces.

Inventory:

Missiles
 b - 17 stones (quivered)
 e - 6 tomahawks
Armour
 c - a +0 robe (worn)
 k - a +0 pair of gloves (worn)
 l - a +0 pair of boots (worn)
Jewellery
 a - a ring of resist corrosion (left hand)
Potions
 i - a potion of degeneration {!q}
Comestibles
 d - 3 rations
 j - 2 chunks of flesh


   Skills:
 - Level 1.7 Dodging
 - Level 1.7 Stealth
 + Level 3.2 Spellcasting
   Level 0.8 Transmutations
 + Level 3.2 Earth Magic


You had 7 spell levels left.
You knew the following spells:

 Your Spells              Type           Power        Failure   Level  Hunger
a - Sandblast             Erth           ##....       4%          1    None

Your spell library contained the following spells:

 Spells                   Type           Power        Failure   Level  Hunger
 Stone Arrow              Conj/Erth      #.....       26%         3    ###....
 Passwall                 Tmut/Erth      #.......     11%         2    ##.....
 Lee's Rapid Deconstruct  Erth           ##........   77%         5    ######.
 Petrify                  Tmut/Erth      #.......     58%         4    ####...


Dungeon Overview and Level Annotations

Branches:
Dungeon (4/15)
 Temple: D:4-7

Altars:

Annotations:
D:4 Menkaure


Innate Abilities, Weirdness & Mutations

When hurt, damage is shared between your health and your magic reserves.


Message History

Press: ? - help, Shift-Dir - straight line, f/p - Menkaure
Aim: Menkaure (moderately damaged)
The blast of sand hits Menkaure.
Menkaure is heavily damaged.
b - 20 stones Menkaure gestures at you while chanting.
Pain shoots through your body!
* * * LOW HITPOINT WARNING * * *
Casting: Sandblast (safe; 4% risk of failure)
Confirm with . or Enter, or press ? or * to list all spells.
Aiming: Sandblast (safe; 4% risk of failure)
Press: ? - help, Shift-Dir - straight line, f/p - Menkaure
Aim: Menkaure (heavily damaged)
The blast of sand hits Menkaure.
Menkaure is severely damaged.
b - 19 stones Menkaure hits you.
* * * LOW HITPOINT WARNING * * *
Some of the chunks of flesh in your inventory have rotted away.
Casting: Sandblast (safe; 4% risk of failure)
Confirm with . or Enter, or press ? or * to list all spells.
You don't have enough magic to cast that spell.
Casting: Sandblast (safe; 4% risk of failure)
Confirm with . or Enter, or press ? or * to list all spells.
You don't have enough magic to cast that spell.
Casting: Sandblast (safe; 4% risk of failure)
Confirm with . or Enter, or press ? or * to list all spells.
Aiming: Sandblast (safe; 4% risk of failure)
Press: ? - help, Shift-Dir - straight line, f/p - Menkaure
Aim: Menkaure (severely damaged)
The blast of sand hits Menkaure.
Menkaure is almost destroyed.
b - 18 stones Unknown command.
Menkaure gestures wildly while chanting.
Menkaure seems to speed up.
You aren't carrying any items that you can evoke.
Menkaure calls on the powers of darkness!
Your body is wracked with pain!
* * * LOW HITPOINT WARNING * * *
There is an escape hatch in the ceiling here.
Menkaure calls on the powers of darkness!
Your body is wracked with pain!
* * * LOW HITPOINT WARNING * * *
Menkaure gestures at you while chanting.
Pain shoots through your body!
* * * LOW HITPOINT WARNING * * *
Menkaure giggles, "These cerements are ticklish..."
Casting: Sandblast (safe; 4% risk of failure)
Confirm with . or Enter, or press ? or * to list all spells.
Aiming: Sandblast (safe; 4% risk of failure)
Press: ? - help, Shift-Dir - straight line, f/p - Menkaure
Aim: Menkaure (almost destroyed, fast)
The blast of sand misses Menkaure.
b - 17 stones Menkaure breathes soot at you.
Menkaure misses you.
Unknown command.
You hit Menkaure.
Menkaure is almost destroyed.
Menkaure breathes soot at you.
Menkaure gestures at you while chanting.
Pain shoots through your body!
You die...

..).................
#.##.#.#####.###.##.
#.#..#.# #.# #.#
#.#.##.# #.# #.#
#.#....# #.###.#######
.......#####............
...........#####.######
######..##.# #.#
####....# #@# ....(....#
#M# ####..s#.# #<# .#.#
#.# .#.#. #.# #... #.#
#... #.# #.?. #.# #...
#.#


You could see Menkaure.

Vanquished Creatures
  A worker ant (D:4)
  2 adders (D:4)
  A dart slug (D:2)
  2 orcs (D:4)
  2 frilled lizards (D:3)
8 creatures vanquished.

Vanquished Creatures (others)
  An orc wizard (D:4)
  An adder (D:4)
  2 orcs (D:4)
4 creatures vanquished.

Grand Total: 12 creatures vanquished

Notes
Turn   | Place    | Note
-------+----------+-------------------------------------------
     0 | D:1      | Amnesiac the Demonspawn Earth Elementalist began the quest for the Orb.
     0 | D:1      | Reached XP level 1. HP: 13/13 MP: 3/3
    25 | D:1      | You fall through a shaft!
    76 | D:2      | Noticed an orc wizard
   180 | D:4      | Noticed a scorpion
   221 | D:4      | Killed an orc wizard
   284 | D:4      | Gained mutation: When hurt, damage is shared between your health and your magic reserves. [demonic ancestry]
   284 | D:4      | Reached XP level 2. HP: 19/19 MP: 3/5
   348 | D:4      | Reached XP level 3. HP: 15/24 MP: 0/7
   556 | D:4      | Noticed Menkaure
   586 | D:4      | Killed from afar by Menkaure

Vault maps used:
D:1:      minmay_arrival_hallway
D:4:      xom_confusion_cloud, uniq_menkaure

Skill      XL: |  1  2 |
---------------+-------+-----
Spellcasting   | 3 |  3.2
Earth Magic    | 3 |  3.2
Dodging        | |  1.7
Stealth        | |  1.7
Transmutations | |  0.8

Action                   || total
-------------------------++-------
Melee: Unarmed           ||     7
 Cast: Sandblast         ||    26
  Use: Scroll            ||     2
       Potion            ||     1
Armor: Robe              ||    10
Dodge: Dodged            ||    18

Table legend:
 A = Spawn XP
 B = Non-spawn XP
 C = Spawn XP percentage of total XP
 D = Spawn monster count
 E = Non-spawn monster count
 F = Spawn count percentage of total count
 G = Total turns spent on level
                    A         B        C        D         E        F      G
               +---------+---------+-------+---------+---------+-------+---------
         Total |       0 |      73 |   0.0 |       0 |       8 |   0.0 |   586
               +---------+---------+-------+---------+---------+-------+---------
           D:2 |       0 |       4 |   0.0 |       0 |       1 |   0.0 |    65
           D:3 |       0 |       2 |   0.0 |       0 |       2 |   0.0 |    29
           D:4 |       0 |      67 |   0.0 |       0 |       5 |   0.0 |   467
               +---------+---------+-------+---------+---------+-------+---------
